 Dungeon Crawl Stone Soup version 0.23.2-40-g277498a001 (webtiles) character file.

Game seed: 2276842294919431545

185 Martska the Skirmisher (level 5, -1/48 HPs)
             Began as a Hill Orc Fighter on Oct 9, 2019.
             Was an Initiate of Makhleb.
             Killed from afar by Natasha (5 damage)
             ... with a magic dart
             ... on level 4 of the Dungeon.
             The game lasted 00:07:07 (2789 turns).

Martska the Skirmisher (Hill Orc Fighter)           Turns: 2789, Time: 00:07:07

Health: -1/48      AC: 11    Str: 20    XL:     5   Next: 64%
Magic:  5/5        EV:  3    Int:  8    God:    Makhleb [......]
Gold:   158        SH:  9    Dex: 10    Spells: 4/4 levels left

rFire    . . .     SeeInvis .   a - +0 war axe
rCold    . . .     Gourm    .   c - +0 shield
rNeg     . . .     Faith    .   s - +0 plate armour
rPois    .         Spirit   .   (no helmet)
rElec    .         Reflect  .   (no cloak)
rCorr    .         Harm     .   (no gloves)
MR       .....                  (no boots)
Stlth    ..........             (no amulet)
HPRegen  0.16/turn              (no ring)
MPRegen  0.09/turn              (no ring)

@: no status effects
A: no striking features
a: Renounce Religion


You were on level 4 of the Dungeon.
You worshipped Makhleb.
Makhleb was noncommittal.
You were not hungry.

You visited 1 branch of the dungeon, and saw 4 of its levels.

You collected 158 gold pieces.

Inventory:

Hand Weapons
 a - a +0 war axe (weapon)
Armour
 b - a +0 scale mail
 c - a +0 shield (worn)
 i - a +0 troll leather armour
 s - a +0 plate armour (worn)
Jewellery
 m - a cursed -5 ring of intelligence {unknown}
Wands
 r - a wand of random effects (24)
 w - a wand of paralysis (9)
Scrolls
 e - 4 scrolls of identify {unknown}
 j - 3 scrolls of fog {unknown}
 n - a scroll of fear {unknown}
 p - 2 scrolls of teleportation {unknown}
 q - a scroll of enchant weapon {unknown}
 v - a scroll of enchant armour {unknown}
 x - 2 scrolls of remove curse {unknown}
 y - 2 scrolls of amnesia {unknown}
 B - a scroll of random uselessness {unknown}
Potions
 d - a potion of might
 g - 2 potions of lignification {unknown}
 h - a potion of agility {unknown}
 k - 2 potions of mutation {unknown}
 l - a potion of degeneration {unknown}
 o - 3 potions of ambrosia {unknown}
 t - a potion of brilliance {unknown}
 u - a potion of curing {unknown}
 z - a potion of haste {unknown}
Comestibles
 f - 5 rations
 A - 2 chunks of flesh


   Skills:
 * Level 5.2 Fighting
 * Level 4.7 Axes
 + Level 4.0 Armour
 + Level 4.1 Shields


You had 4 spell levels left.
You didn't know any spells.
Your spell library was empty.

Dungeon Overview and Level Annotations

Branches:
Dungeon (4/15)
 Temple: D:4-7

Altars:
Cheibriados
Elyvilon
Makhleb
Nemelex Xobeh

Annotations:
D:4 Natasha


Message History

Makhleb accepts your kill.
Your Armour skill increases to level 4!
You barely miss Natasha. You block Natasha's attack.
You miss Natasha. Natasha claws you!
* * * LOW HITPOINT WARNING * * *
Your plate armour prevents you from hitting Natasha.
Natasha claws you but does no damage. x2
You slash Natasha!
Natasha is severely wounded.
Natasha claws you.
* * * LOW HITPOINT WARNING * * *
Natasha mumbles some strange words.
Found a ration.
Natasha mumbles some strange words.
You feel troubled.
The crimson imp blinks!
You closely miss the crimson imp. Natasha casts a spell at you.
The magic dart hits you.
You die...

..#......?#..###.###
......_......!......
..#.......#..###.###
#.#...)...#..# ##.
#.....##..#
#..####.####..#
#.....5.......#
#......#####.##
##...h##.@5..#
#..###h..#######.
#................
..%.....##...########
.####.#.###.## #.#.#
#.# #.... #.# #..#.
#.## ... .##..#


You could see Natasha and a crimson imp.

Vanquished Creatures
  Jessica (D:2)
  Natasha (D:4)
  An iguana (D:4)
  3 adders
  2 oozes
  2 worms (D:2)
  2 dart slugs
  A leopard gecko (D:1)
  2 orcs
  3 bats
  3 giant cockroaches
  3 goblins
  10 hobgoblins
  10 jackals
  A quokka (D:2)
  A ball python (D:4)
  3 frilled lizards
  8 kobolds
  6 rats
63 creatures vanquished.

Notes
Turn   | Place    | Note
-------+----------+-------------------------------------------
     0 | D:1      | Martska the Hill Orc Fighter began the quest for the Orb.
     0 | D:1      | Reached XP level 1. HP: 19/19 MP: 1/1
   326 | D:1      | Reached XP level 2. HP: 23/27 MP: 2/2
   338 | D:1      | Reached skill level 4 in Fighting
   699 | D:2      | Reached XP level 3. HP: 32/33 MP: 3/3
   731 | D:2      | Noticed Jessica
   742 | D:2      | Killed Jessica
   937 | D:2      | Reached XP level 4. HP: 34/41 MP: 4/4
  1836 | D:3      | Reached XP level 5. HP: 28/47 MP: 5/5
  2113 | D:3      | Found a snail-covered altar of Cheibriados.
  2377 | D:3      | Found a white marble altar of Elyvilon.
  2426 | D:3      | Found a burning altar of Makhleb.
  2446 | D:3      | Became a worshipper of Makhleb the Destroyer
  2533 | D:3      | Reached skill level 5 in Fighting
  2650 | D:4      | Noticed Natasha
  2662 | D:4      | Killed Natasha
  2754 | D:4      | Found a sparkling altar of Nemelex Xobeh.
  2761 | D:4      | Noticed Natasha
  2769 | D:4      | HP: 1/48 [Natasha (6)]
  2789 | D:4      | Killed from afar by Natasha

Skill      XL: |  1  2  3  4  5 |
---------------+----------------+-----
Axes           | 3 4 |  4.7
Fighting       | 4 5 |  5.2
Shields        | 4 |  4.1
Armour         | 4 |  4.0

Action                   |  1- 3 |  4- 6 || total
-------------------------+-------+-------++-------
Melee: War axe           |    63 |   141 ||   204
  Eat: Ration            |       |     1 ||     1
       Chunk             |       |     3 ||     3
Armor: Scale mail        |    41 |    20 ||    61
       Plate armour      |       |    81 ||    81
Dodge: Dodged            |    24 |    22 ||    46
Block: Shield            |    29 |    80 ||   109
